[Event "Early-Titled-Tuesday-Blitz-February-27-2024"]
[Site "Chess.com"]
[Date "2024.02.27"]
[Round "11"]
[White "Licancabur"]
[Black "Skatchkov_V"]
[Result "0-1"]
[WhiteElo "2499"]
[BlackElo "2669"]
[TimeControl "180+1"]
[EndTime "10:05:15 PST"]
[Termination "Skatchkov_V won on time"]

1. d4 Nf6 2. Bg5 d5 3. e3 c5 4. Bxf6 gxf6 5. dxc5 Nc6 6. Nf3 e5 7. Nc3 Be6 8. Qd2 Bxc5 9. O-O-O Qa5 10. Bb5 O-O-O 11.
Bxc6 bxc6 12. a3 Bxa3 13. Nb1 Bb4 14. c3 Be7 15. b4 Qa4 16. Qb2 Rhg8 17. g3 Bf5 18.
Nbd2 Rd7 19. Nb3 Be4 20. Nbd2 Bd3 21. Nb3 Bc4 22. Nfd2 Be2 23. Rde1 Bd3 24. Nf3 Rb7 25.
Rd1 Be4 0-1

[Event "Early-Titled-Tuesday-Blitz-February-27-2024"]
[Site "Chess.com"]
[Date "2024.02.27"]
[Round "11"]
[White "GatoRojo150"]
[Black "NastyaHn"]
[Result "1-0"]
[WhiteElo "2570"]
[BlackElo "2454"]
[TimeControl "180+1"]
[EndTime "10:05:15 PST"]
[Termination "GatoRojo150 won by resignation"]

1. e4 e6 2. d4 d5 3. Nc3 Bb4 4.
e5 c5 5. a3 Bxc3+ 6. bxc3 Ne7 7. Qg4 Qc7 8. Nf3 cxd4 9. Rb1 Qxc3+ 10. Kd1 Nbc6 11. Bd3 Ng6 12. Re1 Rb8 13. h4 h5 14.
Qg3 Nce7 15. Bd2 Qc7 16. Bb4 Ra8 17. Bd6 Qd8 18. Ng5 a6 19. Qf3 Rf8 20. Qxh5 Nf4 21. Qf3 Nxd3 22. Qxd3 b5 23. Qg3 Nf5 24. Qf4 Nxd6 25.
exd6 Qf6 26. Qxf6 gxf6 27. Nh7 Rh8 28. Nxf6+ Kd8 29. g3 Bd7 30. Rb4 Rh6 31. Ng4 Rh8 32.
Rxd4 Rc8 33. Ne5 f5 34. Nf7+ 1-0

[Event "Early-Titled-Tuesday-Blitz-February-27-2024"]
[Site "Chess.com"]
[Date "2024.02.27"]
[Round "11"]
[White "Schattman"]
[Black "Let_it_be_1"]
[Result "1/2-1/2"]
[WhiteElo "2440"]
[BlackElo "2537"]
[TimeControl "180+1"]
[EndTime "10:05:15 PST"]
[Termination "Game drawn by agreement"]

1. f4 d5 2. Nf3 Nf6 3. g3 g6 4. Bg2 Bg7 5. O-O O-O 6. d3 b6 7. Ne5 Bb7 8. Nc3 e6 9. e4 Nbd7 10. Nxd7 Qxd7 11. Qe2 dxe4 12. dxe4 c5 13. Be3 Rfd8 14.
Rad1 Qe7 15. Rxd8+ Rxd8 16. Rd1 h5 17. h3 e5 18. Rxd8+ Qxd8 19. Qd2 Qe7 20. fxe5 Qxe5 21.
Bf4 Qd4+ 22. Qxd4 cxd4 23. Nb5 Bxe4 24. Bxe4 Nxe4 25. Nxa7 Nc5 26. b3 d3 27. cxd3 Nxd3 28.
Bc7 Bd4+ 29. Kg2 Nc1 30. Nc6 Be3 31. Nb4 Bd2 32. Nd5 Nxa2 33. Bxb6 1/2-1/2

[Event "Early-Titled-Tuesday-Blitz-February-27-2024"]
[Site "Chess.com"]
[Date "2024.02.27"]
[Round "11"]
[White "dpopadic"]
[Black "martinmena"]
[Result "1-0"]
[WhiteElo "2355"]
[BlackElo "2247"]
[TimeControl "180+1"]
[EndTime "10:05:16 PST"]
[Termination "dpopadic won on time"]

1. e4 c6 2. d4 d5 3. Nd2 dxe4 4. Nxe4 Nd7 5. Ng5 Ngf6 6. Bd3 e6 7. N1f3 h6 8. Nxe6 fxe6 9. Bg6+ Ke7 10. O-O Qc7 11.
Re1 Nb6 12. Ne5 Bd7 13. Bf4 Nbd5 14. Bg3 Qb6 15. c4 Nc7 16. Nf7 Rg8 17. c5 Qa6 18.
Bxc7 Be8 19. Bd6+ Kd7 20. Qb3 Nd5 21. Qh3 Kc8 22. Bxf8 Rxf8 23. Nd6+ Kc7 24. Nxe8+ Raxe8 25. Bxe8 Rxe8 26. Qg3+ Kc8 27. Qxg7 Qd3 28. Rad1 Qf5 29. Qe5 Qc2 30. Qe2 Qf5 31. g3 Qg5 32. Qe5 Qg6 33. b4 Kd7 34. b5 Rf8 35. Qd6+ Kc8 36. Qxf8+ 1-0

[Event "Early-Titled-Tuesday-Blitz-February-27-2024"]
[Site "Chess.com"]
[Date "2024.02.27"]
[Round "11"]
[White "Matols"]
[Black "whiteglovethief"]
[Result "0-1"]
[WhiteElo "2399"]
[BlackElo "2509"]
[TimeControl "180+1"]
[EndTime "10:05:17 PST"]
[Termination "whiteglovethief won on time"]

1. d4 d5 2. c4 e6 3. Nf3 a6 4. cxd5 exd5 5. Nc3 h6 6. Bf4 c6 7. e3 Bd6 8. Bxd6 Qxd6 9. Bd3 Ne7 10.
Ne5 O-O 11. Qc2 Nd7 12. f4 f6 13. Bh7+ Kh8 14. Ng6+ Nxg6 15. Bxg6 Qe6 16. O-O f5 17. Bh5 Qxe3+ 18. Kh1 Nf6 19. Bg6 Qxd4 20. Rad1 Qc5 21.
Qe2 Ne4 22. Nxe4 fxe4 23. f5 Rf6 24. Qh5 d4 25. Qg4 Qe5 26. Rfe1 Rxg6 27. Qxg6 Bxf5 28. Qf7 e3 29. Qxb7 Rb8 30. Qxc6 Rxb2 31. Qc4 Qe4 32. Rg1 d3 33. Qc3 Rxg2 34. Rxg2 e2 35. Rg1 Bg6 36.
Qc8+ Kh7 37. Qxa6 e1=Q 0-1

[Event "Early-Titled-Tuesday-Blitz-February-27-2024"]
[Site "Chess.com"]
[Date "2024.02.27"]
[Round "11"]
[White "FMStan15"]
[Black "newauto"]
[Result "1/2-1/2"]
[WhiteElo "2080"]
[BlackElo "2201"]
[TimeControl "180+1"]
[EndTime "10:05:17 PST"]
[Termination "Game drawn by repetition"]

1. e4 c6 2. d4 d5 3. e5 Bf5 4. Bd3 Bxd3 5. Qxd3 e6 6. c3 Ne7 7. Ne2 c5 8. O-O Nec6 9. f4 g6 10. Be3 cxd4 11. cxd4 Nd7 12. Nbc3 Bg7 13. a3 a6 14.
b4 b5 15. g4 Nb6 16. f5 gxf5 17. gxf5 Nc4 18. fxe6 fxe6 19. Nf4 Qd7 20. Kh1 O-O 21. Nh5 Rxf1+ 22. Rxf1 Rf8 23. Rxf8+ Kxf8 24. Nf6 Bxf6 25.
exf6 Qf7 26. Bg5 Qh5 27. Qg3 Nxd4 28. Qb8+ Kf7 29. Qc7+ Kg6 30. Qg7+ Kf5 31. f7 Qf3+ 32. Kg1 Qg4+ 33. Kh1 Qf3+ 34. Kg1 Qg4+ 35. Kh1 Qf3+ 1/2-1/2

[Event "Early-Titled-Tuesday-Blitz-February-27-2024"]
[Site "Chess.com"]
[Date "2024.02.27"]
[Round "11"]
[White "Canal_Showdrez"]
[Black "abeljusto"]
[Result "0-1"]
[WhiteElo "1989"]
[BlackElo "2101"]
[TimeControl "180+1"]
[EndTime "10:05:18 PST"]
[Termination "abeljusto won by resignation"]

1. d4 d5 2. Nf3 Nf6 3. e3 g6 4.
Bd3 Bg7 5. Nbd2 O-O 6. O-O Nbd7 7.
c3 c5 8. Re1 Qc7 9. e4 dxe4 10.
Nxe4 Nxe4 11. Bxe4 Nf6 12. Bc2 Bg4 13. Be3 cxd4 14. Bxd4 Rad8 15. Qe2 Rfe8 16. Qe5 Qc8 17. Ng5 h6 18. Ne4 Nh5 19. Qa5 Bxd4 20. Bb3 Bb6 21. Qe5 Qf5 22. Qxf5 Bxf5 23. Ng3 Nxg3 24. hxg3 Rd2 25. Rf1 Bd3 26. Rfd1 Bxf2+ 27. Kh2 Rxd1 28. Rxd1 Bf5 29. Rf1 Bb6 30. Rf4 e5 31. Rc4 e4 32.
Rb4 e3 33. Bc4 e2 0-1

[Event "Early-Titled-Tuesday-Blitz-February-27-2024"]
[Site "Chess.com"]
[Date "2024.02.27"]
[Round "11"]
[White "Evgeny81"]
[Black "MessiKingdom"]
[Result "1-0"]
[WhiteElo "2793"]
[BlackElo "2672"]
[TimeControl "180+1"]
[EndTime "10:05:19 PST"]
[Termination "Evgeny81 won by resignation"]

1. Nf3 Nf6 2. c4 g6 3. d4 Bg7 4. Nc3 O-O 5. e4 d6 6. Be2 Nbd7 7. O-O e5 8. Re1 Qe7 9. Bf1 c6 10. h3 a6 11. d5 c5 12. a3 Kh8 13. b4 b6 14. Rb1 Ng8 15. Na4 f5 16. Ng5 Ngf6 17.
Ne6 Rg8 18. Nxb6 Nxb6 19. bxc5 Bxe6 20. Rxb6 Bd7 21. cxd6 Qd8 22. c5 Nxe4 23. Rxe4 fxe4 24. Be3 Bb5 25. a4 Bxf1 26. Qxf1 Qd7 27. Qc4 Rgb8 28.
a5 Bf6 29. Qxe4 Rxb6 30. axb6 a5 31. Bc1 a4 32. Ba3 Kg7 33. c6 Qd8 34. b7 Rb8 35. c7 Qf8 36. d7 Qxa3 37. cxb8=Q Qc1+ 38. Kh2 1-0

[Event "Early-Titled-Tuesday-Blitz-February-27-2024"]
[Site "Chess.com"]
[Date "2024.02.27"]
[Round "11"]
[White "edgarhay012"]
[Black "Chessmissile07"]
[Result "1-0"]
[WhiteElo "2660"]
[BlackElo "2853"]
[TimeControl "180+1"]
[EndTime "10:05:19 PST"]
[Termination "edgarhay012 won by resignation"]

1. e4 a6 2. d4 d5 3. exd5 Qxd5 4.
Nc3 Qd6 5. Nf3 Nf6 6. Bc4 Bg4 7.
Be3 e6 8. h3 Bh5 9. Qd2 Bxf3 10.
gxf3 Nc6 11. O-O-O O-O-O 12. Ne4 Qd7 13. Nxf6 gxf6 14.
d5 Ne5 15. Bb3 Qb5 16. a4 Qe8 17. Qa5 exd5 18. Rxd5 Nc6 19. Rxd8+ Qxd8 20. Qf5+ Kb8 21. Rd1 Bd6 22. Bxf7 Qe7 23. Bd5 Ne5 24. f4 Ng6 25. Kb1 Rf8 26. Rd4 Qe8 27. Re4 Qd8 28. Bb3 Qc8 29.
Qxc8+ Kxc8 30. f5 Ne5 31. Rh4 Rh8 32. f4 Nd7 33. Bd4 Kd8 34. Rg4 Bf8 35. Be6 h5 36. Rg6 Rh6 37. Rg8 Ke7 38. Bxd7 Kxd7 39. Rxf8 h4 40. Rxf6 Rh5 41. Rf7+ Kd6 42. Be5+ Kd5 43.
f6 Rf5 44. Rxc7 Ke4 45. f7 Kf3 46. Bd6 Rxf7 47. Rxf7 1-0

[Event "Early-Titled-Tuesday-Blitz-February-27-2024"]
[Site "Chess.com"]
[Date "2024.02.27"]
[Round "11"]
[White "NewYearGirl"]
[Black "BeardedNM"]
[Result "0-1"]
[WhiteElo "2352"]
[BlackElo "2245"]
[TimeControl "180+1"]
[EndTime "10:05:20 PST"]
[Termination "BeardedNM won by resignation"]

1. e4 e6 2. d4 d5 3. Nc3 Bb4 4. e5 c5 5. a3 Bxc3+ 6. bxc3 Ne7 7. Qg4 Qc7 8. Qxg7 Rg8 9. Qxh7 cxd4 10. Ne2 Nbc6 11. f4 dxc3 12. Qd3 d4 13. Nxd4 Nxd4 14. Qxd4 Bd7 15. Rg1 Nf5 16. Qf2 Qc6 17. g4 Qe4+ 18. Qe2 Qd4 19. Rg2 Bc6 20. Rf2 Nh4 21. Be3 Qd5 22. Rd1 Nf3+ 23. Rxf3 Qxf3 24. g5 Rh8 25.
Qxf3 Bxf3 26. Bb5+ Bc6 27. Bxc6+ bxc6 28. Bg1 Rd8 29. Rb1 Rh4 30. Rb4 Rd2 31. Rb8+ Kd7 32. Rb7+ Kc8 33. Rxf7 Rxc2 34. g6 Rg4 35. Be3 Rxg6 36.
Rf6 Rgg2 37. Kf1 Rge2 38. Bxa7 Rxh2 39. Kg1 Rhd2 40. Kh1 Rc1+ 41. Bg1 Rdd1 42. Rg6 c2 43. f5 Rxg1+ 44. Rxg1 Rxg1+ 45. Kxg1 c1=Q+ 46. Kf2 Qf4+ 47. Kg2 Qxf5 48. Kg3 Qxe5+ 0-1

[Event "Early-Titled-Tuesday-Blitz-February-27-2024"]
[Site "Chess.com"]
[Date "2024.02.27"]
[Round "11"]
[White "SlavenPastar"]
[Black "ChessQueen"]
[Result "0-1"]
[WhiteElo "2637"]
[BlackElo "2773"]
[TimeControl "180+1"]
[EndTime "10:05:22 PST"]
[Termination "ChessQueen won by resignation"]

1. b3 f5 2. Bb2 Nf6 3. d3 d5 4.
Nd2 d4 5. Ngf3 Nc6 6. c3 e5 7. cxd4 exd4 8. g3 Be6 9. Bg2 Be7 10. O-O O-O 11. a3 f4 12. b4 a6 13. Nb3 fxg3 14. hxg3 Bd5 15. Nbxd4 Nxd4 16. Nxd4 c5 17. Nf5 Bxg2 18.
Kxg2 cxb4 19. Nxe7+ Qxe7 20. axb4 Ng4 21. Qb3+ Kh8 22.
Bd4 Qxe2 23. Rae1 Qf3+ 24. Kg1 Rad8 25. Qc3 Rf7 26. Re4 h6 27. Qd2 Kh7 28. Rfe1 Rxd4 29. Rxd4 Nxf2 30. Rh4 Nxd3 31. Rd1 Qxg3+ 32. Qg2 Qxh4 33.
Rxd3 Qe1+ 34. Kh2 Rf2 0-1

[Event "Early-Titled-Tuesday-Blitz-February-27-2024"]
[Site "Chess.com"]
[Date "2024.02.27"]
[Round "11"]
[White "Aisen1011"]
[Black "HanSchut"]
[Result "1-0"]
[WhiteElo "2483"]
[BlackElo "2308"]
[TimeControl "180+1"]
[EndTime "10:05:23 PST"]
[Termination "Aisen1011 won by resignation"]

1. d4 Nf6 2. c4 g6 3. Nc3 d5 4.
Nf3 Bg7 5. Bg5 Ne4 6. cxd5 Nxg5 7. Nxg5 e6 8. Qd2 h6 9. Nh3 exd5 10. Nf4 c6 11. e3 O-O 12. Bd3 Re8 13. O-O Nd7 14. Rae1 Nf6 15. Qc2 g5 16. Nfe2 Be6 17.
Ng3 Rc8 18. f4 c5 19. fxg5 hxg5 20. Bf5 Qd7 21. h3 b5 22. Qf2 b4 23. Bxe6 Rxe6 24. Nce2 Rce8 25. Nf5 Ne4 26. Qf3 Rf6 27. Qg4 Qe6 28.
dxc5 Nd2 29. Ned4 Qe4 30. Rf2 Qxg4 31. hxg4 Ne4 32. Rc2 Rc8 33. Ne7+ 1-0

[Event "Early-Titled-Tuesday-Blitz-February-27-2024"]
[Site "Chess.com"]
[Date "2024.02.27"]
[Round "11"]
[White "Elsa167"]
[Black "Makswolf200817"]
[Result "1-0"]
[WhiteElo "2900"]
[BlackElo "2748"]
[TimeControl "180+1"]
[EndTime "10:05:24 PST"]
[Termination "Elsa167 won on time"]

1. e4 c5 2. Nf3 d6 3. d4 cxd4 4. Qxd4 Nc6 5. Bb5 Bd7 6. Bxc6 Bxc6 7. Nc3 Nf6 8. Bg5 e6 9. O-O-O Be7 10. Rhe1 O-O 11.
e5 dxe5 12. Nxe5 Qxd4 13. Rxd4 Bxg2 14. Rg1 Bc6 15. Nxc6 bxc6 16. Ne4 Kh8 17. Nxf6 Bxf6 18. Bxf6 gxf6 19. Rd7 Rad8 20. Rxa7 Rd5 21. a4 Rf5 22. Rg2 h5 23. b4 Rf4 24. c3 h4 25. a5 f5 26. a6 h3 27. Rg3 Rxf2 28. Rxh3+ Kg7 29. Rd3 Rxh2 30. c4 Rh4 31. Rc3 Rb8 32. Rb7 Ra8 33.
a7 Kf6 34. b5 cxb5 35. cxb5 Rb4 36. b6 f4 37. Rb8 1-0

[Event "Early-Titled-Tuesday-Blitz-February-27-2024"]
[Site "Chess.com"]
[Date "2024.02.27"]
[Round "11"]
[White "nindjaxx8"]
[Black "GMKrikor"]
[Result "1-0"]
[WhiteElo "2671"]
[BlackElo "2883"]
[TimeControl "180+1"]
[EndTime "10:05:24 PST"]
[Termination "nindjaxx8 won by resignation"]

1. d4 Nf6 2. c4 g6 3. Nc3 d5 4. cxd5 Nxd5 5. e4 Nxc3 6. bxc3 Bg7 7. Nf3 c5 8. Be3 Qa5 9. Qd2 O-O 10. Rc1 Bg4 11.
Be2 Bxf3 12. Bxf3 cxd4 13. cxd4 Qxd2+ 14. Kxd2 Rd8 15. d5 e6 16. Ke2 exd5 17. exd5 Na6 18.
Rhd1 Nb4 19. Rd2 Rd7 20. d6 Rad8 21. Bxa7 Bh6 22. Be3 Bxe3 23. fxe3 Rxd6 24. Rxd6 Rxd6 25. a3 Nd5 26. Kf2 b6 27. Rd1 1-0

[Event "Early-Titled-Tuesday-Blitz-February-27-2024"]
[Site "Chess.com"]
[Date "2024.02.27"]
[Round "11"]
[White "pfalcon1949"]
[Black "yuriydovzik"]
[Result "1-0"]
[WhiteElo "1915"]
[BlackElo "2117"]
[TimeControl "180+1"]
[EndTime "10:05:26 PST"]
[Termination "pfalcon1949 won on time"]

1. e4 c6 2. d4 Na6 3. Nc3 Nc7 4.
f4 d5 5. e5 h5 6. h3 Bf5 7.
Bd3 Nh6 8. Nf3 e6 9. O-O c5 10. Be3 a6 11. dxc5 d4 12. Nxd4 Nd5 13. Nxd5 Qxd5 14.
Nxf5 Nxf5 15. Bxf5 Qxd1 16. Raxd1 exf5 17. b4 Be7 18. c3 a5 19. Rd2 axb4 20. cxb4 Ra3 21. Kf2 O-O 22. Rfd1 Bh4+ 23. Ke2 Rfa8 24. Bf2 Bxf2 25. Kxf2 Kh7 26. Re2 R8a4 27. Rb1 Rc3 28. Rbb2 h4 29. Rec2 Rd3 30. b5 Rxf4+ 31. Kg1 Rd1+ 32. Kh2 Rff1 33. g4 Rh1+ 34. Kg2 Rdg1+ 35. Kf2 Rf1+ 36. Ke2 Re1+ 37.
Kd2 Rxe5 38. gxf5 1-0

[Event "Early-Titled-Tuesday-Blitz-February-27-2024"]
[Site "Chess.com"]
[Date "2024.02.27"]
[Round "11"]
[White "VitaliyChayka"]
[Black "jraosam"]
[Result "1-0"]
[WhiteElo "2511"]
[BlackElo "1979"]
[TimeControl "180+1"]
[EndTime "10:05:30 PST"]
[Termination "VitaliyChayka won on time"]

1. d4 Nf6 2. Bf4 d5 3. e3 c5 4. dxc5 Nc6 5. Bb5 Bd7 6. c3 Ne4 7. b4 a5 8. Qb3 axb4 9. cxb4 e6 10. Nc3 Nxc3 11. Qxc3 Be7 12. Bxc6 Bxc6 13. Nf3 Bf6 14.
Be5 Bb5 15. Bxf6 gxf6 16. Nd4 Bc4 17. a4 Qd7 18. b5 e5 19. c6 bxc6 20. Nxc6 O-O 21.
Kd2 Qg4 22. Rhe1 Kh8 23. g3 Qf3 24. Kc2 Qxf2+ 25. Qd2 Bb3+ 26. Kd3 Qxd2+ 27. Kxd2 Rxa4 28. Rxa4 Bxa4 29. Rb1 Rc8 30. Ne7 Rc2+ 31. Kd3 Rxh2 32. b6 Bc2+ 33. Kc3 Bxb1 34. b7 Rc2+ 35. Kb3 Kg7 36. b8=Q Kh6 37. Qf8+ Kg5 38. Qg7+ 1-0

[Event "Early-Titled-Tuesday-Blitz-February-27-2024"]
[Site "Chess.com"]
[Date "2024.02.27"]
[Round "11"]
[White "Shield12"]
[Black "AlexeiShirov"]
[Result "1/2-1/2"]
[WhiteElo "2976"]
[BlackElo "2872"]
[TimeControl "180+1"]
[EndTime "10:05:33 PST"]
[Termination "Game drawn by repetition"]

1. e4 e5 2. Nf3 Nc6 3. Bb5 a6 4.
Ba4 Nf6 5. O-O b5 6. Bb3 Bc5 7. c3 d6 8. d4 Bb6 9. Be3 Bg4 10. dxe5 Nxe5 11. Bxb6 Bxf3 12. gxf3 cxb6 13. f4 Nc4 14. Qe2 Rc8 15. Bxc4 bxc4 16. Nd2 b5 17. e5 dxe5 18. fxe5 Nd5 19. Ne4 O-O 20. f4 Qb6+ 21. Qf2 Qg6+ 22. Ng3 Rcd8 23. Rad1 Ne7 24. f5 Qg4 25. Rxd8 Rxd8 26.
f6 Ng6 27. fxg7 Nxe5 28. Qf6 Re8 29. Kh1 Qg6 30. Qf4 Qc6+ 31. Kg1 Qc5+ 32. Kg2 Qd5+ 33.
Kg1 Nd3 34. Qf6 Qc5+ 35. Kh1 Qd5+ 36. Kg1 Qc5+ 37. Kh1 Qd5+ 38. Kg1 1/2-1/2

[Event "Early-Titled-Tuesday-Blitz-February-27-2024"]
[Site "Chess.com"]
[Date "2024.02.27"]
[Round "11"]
[White "stollenmonster"]
[Black "kingofthenil"]
[Result "0-1"]
[WhiteElo "2871"]
[BlackElo "2762"]
[TimeControl "180+1"]
[EndTime "10:05:34 PST"]
[Termination "kingofthenil won by resignation"]

1. e4 Nc6 2. Nc3 d5 3. Nxd5 f5 4. Nc3 Nf6 5. exf5 Bxf5 6. Nf3 e5 7. Bb5 Bd6 8. d4 e4 9. Ne5 O-O 10. Bc4+ Kh8 11. Nf7+ Rxf7 12. Bxf7 Ng4 13. Be3 Nxe3 14.
fxe3 Qh4+ 15. Kd2 Rf8 16. Bc4 Bg4 17. Qe1 Rf2+ 18. Ne2 Nxd4 19. exd4 Qg5+ 20. Kd1 Rxg2 21. a4 Qe3 22. c3 Bf4 23. Rf1 Rxe2 24. Rxf4 Rd2+ 0-1

[Event "Early-Titled-Tuesday-Blitz-February-27-2024"]
[Site "Chess.com"]
[Date "2024.02.27"]
[Round "11"]
[White "phantom19801127"]
[Black "UK_23"]
[Result "1-0"]
[WhiteElo "2542"]
[BlackElo "2376"]
[TimeControl "180+1"]
[EndTime "10:05:34 PST"]
[Termination "phantom19801127 won by checkmate"]

1. d4 d5 2. Nf3 Nf6 3. c4 e6 4.
Nc3 Be7 5. Bg5 O-O 6. e3 b6 7.
cxd5 Nxd5 8. Bxe7 Qxe7 9. Nxd5 exd5 10. Bd3 c5 11. h3 Be6 12. O-O Nc6 13. Rc1 Rfc8 14.
Qa4 c4 15. Bb1 a6 16. Qd1 b5 17. Re1 f5 18. Ne5 Nxe5 19. dxe5 g6 20. Qd4 b4 21. Bc2 a5 22. Bd1 Rc5 23. Bf3 Rac8 24.
Red1 a4 25. g3 Qa7 26. h4 a3 27. bxa3 Qxa3 28. h5 c3 29. hxg6 hxg6 30. Rc2 b3 31.
axb3 Qxb3 32. Rdc1 R8c7 33. Qh4 Rc4 34. Qf6 Bf7 35.
e6 Be8 36. Kg2 R4c5 37. Rh1 Rg7 38. e7 d4 39. Qf8# 1-0

[Event "Early-Titled-Tuesday-Blitz-February-27-2024"]
[Site "Chess.com"]
[Date "2024.02.27"]
[Round "11"]
[White "Kimkibo"]
[Black "Egor_Koshulyan"]
[Result "0-1"]
[WhiteElo "2238"]
[BlackElo "2662"]
[TimeControl "180+1"]
[EndTime "10:05:35 PST"]
[Termination "Egor_Koshulyan won on time"]

1. d4 Nf6 2. Nf3 d5 3. Bf4 c5 4. e3 Nc6 5. Nbd2 Qb6 6. dxc5 Qxb2 7. Rb1 Qc3 8. Bb5 g6 9. Be5 Qxc5 10. Bxf6 exf6 11. O-O Bg7 12. Nd4 O-O 13. N2b3 Qd6 14. Bd3 f5 15. Qd2 a6 16. Rfd1 Nxd4 17. Nxd4 f4 18. Bf1 fxe3 19. Qxe3 Bg4 20. Rd2 b5 21. h3 Bd7 22. Qf3 Rfe8 23. Rbd1 Rac8 24. g3 b4 25. Bg2 Re5 26. Re2 Rc3 27. Qf4 Qe7 28. Bxd5 Rxe2 29.
Nxe2 Rxc2 30. Qxf7+ Qxf7 31. Bxf7+ Kxf7 32. Rxd7+ Kg8 33. Rd8+ Kf7 34. Rd7+ Kf8 35. Nf4 Bf6 36. Rxh7 Rxa2 37. Nxg6+ Kg8 38. Rb7 a5 39. h4 Bd4 40. h5 Rxf2 41. Kh1 Rf7 42. Rb5 Ra7 43. h6 Kh7 44.
Nf4 Bc3 0-1

[Event "Early-Titled-Tuesday-Blitz-February-27-2024"]
[Site "Chess.com"]
[Date "2024.02.27"]
[Round "11"]
[White "djano"]
[Black "GilbertoHernandezAmura"]
[Result "1-0"]
[WhiteElo "2582"]
[BlackElo "2418"]
[TimeControl "180+1"]
[EndTime "10:05:37 PST"]
[Termination "djano won on time"]

1. f4 d5 2. Nf3 Nc6 3. d4 Bg4 4. e3 e6 5. Bb5 Ne7 6. h3 Bh5 7. O-O a6 8. Bd3 Nc8 9. a3 Nd6 10. Nbd2 f5 11. Qe1 Be7 12. c4 O-O 13. Kh1 Bf6 14.
b4 Ne7 15. Bb2 c6 16. Ne5 Bxe5 17. dxe5 Ndc8 18. Nf3 Bxf3 19. gxf3 b5 20. c5 Ng6 21. Rg1 Qh4 22. Rg3 Kh8 23. Kh2 Nce7 24. a4 Rfb8 25. Bc3 Qh5 26. Ra2 Nh4 27. Be2 Rg8 28.
Bd1 Qh6 29. Rg5 Nhg6 30. Qg1 Nf8 31. Be1 Neg6 32. Rag2 Nd7 33. R2g3 Rac8 34. Qg2 bxa4 35. Bxa4 a5 36. bxa5 Nxc5 37. Bc2 Na6 38. Bd3 Nc7 39. a6 c5 40. Qa2 c4 41. Bf1 Ra8 42. h4 1-0

[Event "Early-Titled-Tuesday-Blitz-February-27-2024"]
[Site "Chess.com"]
[Date "2024.02.27"]
[Round "11"]
[White "AlainBruxelles"]
[Black "hmatyi07"]
[Result "1-0"]
[WhiteElo "2424"]
[BlackElo "2287"]
[TimeControl "180+1"]
[EndTime "10:05:38 PST"]
[Termination "AlainBruxelles won by resignation"]

1. d4 g6 2. c4 Bg7 3. Nc3 d6 4.
e4 Nc6 5. Be3 e5 6. Nge2 f5 7.
exf5 gxf5 8. dxe5 dxe5 9. Nd5 f4 10. Bd2 Nf6 11. Nec3 Be6 12. Nxf6+ Qxf6 13. Nd5 Qd8 14. Bc3 Bxd5 15. cxd5 Ne7 16. Qh5+ Ng6 17. O-O-O Qd6 18. Bb5+ Kf7 19. Qf5+ Bf6 20. h4 h5 21. Bd3 Ne7 22. Qe4 a6 23. Bb4 Qb6 24. Kb1 Rad8 25.
Bxe7 Kxe7 26. g3 fxg3 27. fxg3 Qd4 28. Qxd4 exd4 29. Rhe1+ Kd6 30. Re6+ Kxd5 31. Rxf6 Rhg8 32. Rf5+ Kc6 33. Rc1+ Kb6 34. Rf3 c5 35. b3 Ka7 36.
Be4 b6 37. Rf7+ Kb8 38. Rb7+ Kc8 39. Rxb6 Rxg3 40. Rxc5+ Kd7 41. Rd5+ Ke8 42. Re6+ Kf8 43. Rxd8+ 1-0

[Event "Early-Titled-Tuesday-Blitz-February-27-2024"]
[Site "Chess.com"]
[Date "2024.02.27"]
[Round "11"]
[White "ajian"]
[Black "tylityli"]
[Result "0-1"]
[WhiteElo "2448"]
[BlackElo "2307"]
[TimeControl "180+1"]
[EndTime "10:05:39 PST"]
[Termination "tylityli won on time"]

1. d4 Nf6 2. c4 e6 3. Nc3 Bb4 4.
Qc2 O-O 5. a3 Bxc3+ 6. Qxc3 b6 7.
Bg5 Bb7 8. f3 h6 9. Bh4 d5 10.
e3 Nbd7 11. Bd3 c5 12. cxd5 Nxd5 13. Bxd8 Nxc3 14. Bh4 Nd5 15. Bb5 Nxe3 16. Ke2 Nf5 17. Bf2 Rfd8 18. Bxd7 Rxd7 19. dxc5 Ba6+ 20. Ke1 Rc8 21. Rc1 Nd4 22. Bxd4 Rxd4 23. b4 bxc5 24. bxc5 Rc4 25. Rxc4 Bxc4 26. Ne2 Rxc5 27. Kd2 Bxe2 28. Kxe2 Rc2+ 29. Ke3 Ra2 30. Rb1 Rxa3+ 31. Kf4 Kh7 32. Rb7 Kg6 33. g4 Ra4+ 34. Ke5 Ra5+ 35. Kd6 Rd5+ 36. Ke7 a5 37. h4 h5 0-1

[Event "Early-Titled-Tuesday-Blitz-February-27-2024"]
[Site "Chess.com"]
[Date "2024.02.27"]
[Round "11"]
[White "DeArron_Fox"]
[Black "EvgenyBurmakin"]
[Result "0-1"]
[WhiteElo "2490"]
[BlackElo "2354"]
[TimeControl "180+1"]
[EndTime "10:05:40 PST"]
[Termination "EvgenyBurmakin won on time"]

1. d4 Nf6 2. c4 g6 3. Nc3 Bg7 4. e4 d6 5. f3 O-O 6. Be3 e5 7. Nge2 a6 8. Qd2 Nc6 9. O-O-O b5 10. h4 h5 11. Bg5 bxc4 12. dxe5 Nxe5 13. Nd4 Bd7 14.
f4 Neg4 15. Bxc4 Rb8 16. Rhe1 Re8 17. Bb3 Qc8 18. f5 gxf5 19. exf5 Qb7 20. Rxe8+ Rxe8 21. Re1 Rxe1+ 22. Qxe1 Qxg2 23. Ne6 Bh8 24. Nxc7 Ne5 25. N7d5 Nd3+ 26. Kd1 Nxe1 27. Bxf6 Nf3 28. Ne7+ Kf8 0-1

[Event "Early-Titled-Tuesday-Blitz-February-27-2024"]
[Site "Chess.com"]
[Date "2024.02.27"]
[Round "11"]
[White "xamax2000"]
[Black "tetrix83"]
[Result "1-0"]
[WhiteElo "2839"]
[BlackElo "2580"]
[TimeControl "180+1"]
[EndTime "10:05:41 PST"]
[Termination "xamax2000 won on time"]

1. Nf3 Nf6 2. c4 g6 3. g3 Bg7 4. Nc3 O-O 5. Bg2 c6 6. e4 d5 7.
e5 Ne4 8. cxd5 cxd5 9. h4 Nc6 10. d4 Bg4 11. O-O Rc8 12. Ne2 Qb6 13. Rb1 e6 14. Be3 f6 15. exf6 Bxf6 16. Qd3 Bg7 17. Nf4 Bf5 18.
Qd1 Na5 19. Ne5 Nc4 20. Nd7 Qd6 21. Nxf8 Nxg3 22. Re1 Nxe3 23. Rxe3 Qxf4 24. Nxe6 Bxe6 25. Rxg3 Bxd4 26. Rf3 Qxh4 27. Rc1 Re8 28. Qd2 Bf5 29. Re1 1-0

[Event "Early-Titled-Tuesday-Blitz-February-27-2024"]
[Site "Chess.com"]
[Date "2024.02.27"]
[Round "11"]
[White "Yurovskykh_Oleksandr"]
[Black "Zkid"]
[Result "0-1"]
[WhiteElo "2684"]
[BlackElo "2910"]
[TimeControl "180+1"]
[EndTime "10:05:41 PST"]
[Termination "Zkid won by checkmate"]

1. d4 Nf6 2. Nf3 c5 3. c3 cxd4 4. cxd4 g6 5. Nc3 d5 6. Bf4 Bg7 7. e3 a6 8. Bd3 Nc6 9. h3 O-O 10. O-O Bf5 11. Bxf5 gxf5 12. Ne5 e6 13. Nxc6 bxc6 14.
Rc1 Nd7 15. Na4 Rc8 16. Qd2 Qe7 17. Nc5 Nxc5 18. Rxc5 e5 19. Bh2 f4 20. Rfc1 fxe3 21. fxe3 exd4 22. exd4 Rfe8 23. Be5 Bxe5 24. dxe5 Qxe5 25.
Rxc6 Rxc6 26. Rxc6 Re6 27. Rxe6 fxe6 28. Kf2 d4 29. a3 Qf5+ 30. Ke2 e5 31. g4 Qe4+ 32. Kf2 Qg6 33. b4 Qf6+ 34. Kg1 e4 35. Qa2+ Kg7 36.
Qd5 e3 37. Qd7+ Kh6 38. Qf5 Qxf5 39. gxf5 Kg5 40. a4 d3 41. Kf1 Kxf5 42. b5 axb5 43. a5 b4 44. a6 b3 45. a7 b2 46. a8=Q b1=Q+ 47. Kg2 Qc2+ 48. Kg3 Qf2# 0-1

[Event "Early-Titled-Tuesday-Blitz-February-27-2024"]
[Site "Chess.com"]
[Date "2024.02.27"]
[Round "11"]
[White "bulletteemo"]
[Black "Abund"]
[Result "0-1"]
[WhiteElo "2588"]
[BlackElo "2767"]
[TimeControl "180+1"]
[EndTime "10:05:41 PST"]
[Termination "Abund won on time"]

1. e4 c5 2. Nf3 d6 3. d4 cxd4 4. Nxd4 Nf6 5. Nc3 a6 6. Bc4 e6 7. Be3 Nc6 8. Qe2 Bd7 9. O-O-O Rc8 10. Nxc6 Rxc6 11. g4 Qc7 12. Bb3 Rxc3 13. bxc3 Nxe4 14. Rd4 Nxc3 15. Qd3 d5 16. Kb2 Bb5 17. Qd2 Ne4 18. Qe1 Bd6 19. f3 Nc5 20. Kb1 O-O 21. Rd1 a5 22. Bxc5 Bxc5 23. a4 Bb4 24. Qe3 Bc6 25. h4 b5 26. axb5 Bxb5 27. Qd4 Bc3 28. Qe3 a4 29.
Ba2 Bc4 30. Bxc4 Qxc4 31. Rd3 d4 32. Qf4 Qb5+ 33. Kc1 e5 34. Qg5 h6 35. Qe7 Qb2+ 36. Kd1 Qb1+ 37. Ke2 Qxc2+ 0-1